 Seeded DCSS version 0.30.0-5-g1a98f26d00 (webtiles) character file.

Game seed: 18007716519941398942 (custom seed)

14 IndexError the Trooper (level 2, 25/25 HPs)
             Began as a Demonspawn Fighter on May 11, 2023.
             Quit the game on level 1 of the Dungeon.
             The game lasted 00:01:08 (191 turns).

IndexError the Trooper (Demonspawn Fighter)          Turns: 191, Time: 00:01:08

Health: 25/25      AC:  6    Str: 16    XL:     2   Next: 31%
Magic:  2/2        EV:  8    Int:  9    God:
Gold:   9          SH:  4    Dex: 12    Spells: 1/1 levels left

rFire   . . .        a - +0 long sword
rCold   . . .        c - +0 buckler
rNeg    . . .        b - +0 scale mail
rPois   .            (no helmet)
rElec   .            (no cloak)
rCorr   .            (no gloves)
SInv    .            (no boots)
Will    .....        (no amulet) Stlth
                     (no ring)
HPRegen 0.24/turn    (no ring)
MPRegen 0.08/turn

%: no passive effects
@: studying Hexes
A: powered by pain 1
a: no special abilities


You were on level 1 of the Dungeon.
You visited 1 branch of the dungeon, and saw 1 of its levels.

You collected 9 gold pieces.

Inventory:

Hand Weapons
 a - a +0 long sword (weapon)
Armour
 b - a +0 scale mail (worn)
 c - a +0 buckler (worn)
Jewellery
 g - an amulet of faith {Faith, !P}
   (You found it on level 1 of the Dungeon)
 h - an amulet of the acrobat
   (You found it on level 1 of the Dungeon)
 j - the amulet "Xairoc" {Reflect Str+7 Int+3 SH+5}
   (You acquired it on level 1 of the Dungeon)

   [amulet of reflection]

   It reflects blocked missile attacks.
   Str:       It affects your strength (+7).
   Int:       It affects your intelligence (+3).
   SH:        It affects your SH (+5).
Scrolls
 e - a scroll of magic mapping {unknown}
 i - a scroll of acquirement
Potions
 d - a potion of might
 f - a potion of berserk rage {unknown}


   Skills:
 + Level 3.8 Fighting
 - Level 1.7 Long Blades
 - Level 2.6 Armour
 - Level 2.6 Shields


You had one spell level left.
You didn't know any spells.
Your spell library was empty.

Dungeon Overview and Level Annotations

Branches:
Dungeon (1/15)

Altars:


Innate Abilities, Weirdness & Mutations

You sometimes gain a little power by taking damage.


Message History

Unknown command.
Unknown command.
Unknown command.
Unknown command.
e - a scroll labelled DAUD DOTON
f - a pink potion
g - an amulet of faith {Faith, !P} You now have 9 gold pieces.
A jackal comes into view.
The jackal barks!
You hear a bark! x2
You slash the jackal!
No target in view!
You see here a jackal corpse. 2 endoplasms come into view.
The endoplasm quivers. x2
You see here a jackal corpse.
You hit the endoplasm. You block the endoplasm's attack.
You hit the endoplasm. The endoplasm freezes you.
You are frozen.
The endoplasm freezes you.
You are frozen.
You take 6 damage, and have 12/18 hp.
MASSIVE DAMAGE!!
You hit the endoplasm. The endoplasm hits you.
You take 2 damage, and have 10/18 hp.
You are too injured to fight recklessly!
You are too injured to fight recklessly!
You are too injured to fight recklessly!
You hit the endoplasm. You hit the endoplasm. You block the endoplasm's attack.
The endoplasm freezes you.
You are frozen.
You take 4 damage, and have 6/18 hp.
MASSIVE DAMAGE!!
You hit the endoplasm.
The endoplasm hits you but does no damage.
You hit the endoplasm.
You see here a jackal corpse.
You start resting.
HP restored.
Health restored: 18 An endoplasm comes into view.
The endoplasm quivers.
The endoplasm freezes you.
You are frozen.
You take 3 damage, and have 15/18 hp.
You slash the endoplasm!
No target in view!
No target in view!
h - an amulet of the acrobat A jackal comes into view.
The jackal barks!
You hear a bark!
A jackal comes into view.
A jackal comes into view.
The jackal barks!
The jackal bites you but does no damage.
You barely miss the jackal. The jackal closely misses you.
The jackal bites you but does no damage.
You hit the jackal. The jackal bites you.
You take 2 damage, and have 15/18 hp.
You hit the jackal. You block the jackal's attack.
You have reached level 2!
Your demonic ancestry asserts itself...
You feel energised by your suffering.
You regained 6 hp, and now have 21/24 hp.
MP restored: 2 You hit the jackal.
No target in view!
No target in view!
No target in view!
A hobgoblin comes into view.
The hobgoblin shouts!
Health restored: 24 You hit the hobgoblin.
The hobgoblin hits you but does no damage.
You slash the hobgoblin!
Health restored: 25 No target in view!
A goblin comes into view. It is wielding a +0 dagger.
A goblin is nearby!
A goblin is nearby!
You see here a scroll labelled UNKIPPOYZU.
You block the goblin's attack.
You slash the goblin!
No target in view!
No target in view!
You see here a +0 dagger.
An endoplasm and a frilled lizard come into view.
The endoplasm quivers.
The frilled lizard hisses angrily.
You slash the endoplasm! You block the frilled lizard's attack.
The frilled lizard bites you but does no damage.
You slash the frilled lizard!
No target in view!
No target in view!
i - 3 scrolls labelled DICAOL JAOKK This is a scroll of acquirement!
You see here a manual of Hexes.
Something appears at your feet!
You pick up a manual of Hexes {!d} and begin studying.
Something appears at your feet!
j - the amulet "Xairoc" {Reflect Str+7 Int+3 SH+5} Are you sure you want to abandon this character and quit the game? (Confirm with "yes".)

.............
..##.#.######
.###.#.# .#
#.#.# .#
#.#.. .#
#.### #######
.# #.# #..
..#
####.#####
#.# #.#
#......)# #.#
#@# #.#.##.##
#.# #.#
#.#..#.#
##.###.# #
##.#.#
#...)..# .#.#
#.?###†# .#.#
#..# #.# .#.#
#..# ### .#.#
#..# #.# #..#


There were no monsters in sight!

Vanquished Creatures
  4 endoplasms (D:1)
  A goblin (D:1)
  A hobgoblin (D:1)
  4 jackals (D:1)
  A frilled lizard (D:1)
11 creatures vanquished.

Notes
Turn   | Place    | Note
-------+----------+-------------------------------------------
     0 | D:1      | IndexError the Demonspawn Fighter began the quest for the
                  | Orb.
     0 | D:1      | Reached XP level 1. HP: 18/18 MP: 1/1
   122 | D:1      | Gained mutation: You sometimes gain a little power by
                  | taking damage. [demonic ancestry]
   122 | D:1      | Reached XP level 2. HP: 21/24 MP: 2/2
   187 | D:1      | Identified 3 scrolls of acquirement
   187 | D:1      | Acquired a manual of Hexes
   189 | D:1      | Acquired the amulet "Xairoc" {Reflect Str+7 Int+3 SH+5}
   191 | D:1      | Quit the game

Illustrated notes

Levels and vault maps discovered:
D:1:      psy_arrival_dodecagon, layout_basic,
          dreamdust_ecumenical_altar_sealed_demon

Action                     || total
---------------------------++-------
  Melee: Long sword        ||    18
    Use: Scroll            ||     2
 Armour: Scale mail        ||     5
  Dodge: Dodged            ||     1
  Block: Buckler           ||     5

Levels and vault maps discovered:
D:1:      psy_arrival_dodecagon, layout_basic,
          dreamdust_ecumenical_altar_sealed_demon

Table legend: (Time is in decaauts)
 A = Elapsed time spent in this place.
 B = Non-inter-level travel time spent in this place.
 C = Inter-level travel time spent in this place.
 D = Time resting spent in this place.
 E = Time spent auto-exploring this place.
 F = Levels seen in this place.
 G = Mean time per level.
                   A        B        C        D        E       F      G
               +--------+--------+--------+--------+--------+-----+--------+
         Total |    197 |    197 |      0 |     48 |     23 |   1 |  197.0 |
       Dungeon |    197 |    197 |      0 |     48 |     23 |   1 |  197.0 |
               +--------+--------+--------+--------+--------+-----+--------+

Top non-repeatable levels by time:
     D:1: 197 daAuts

Table legend:
 A = Kills in this place as a percentage of kills in the entire game.
 B = Kills by you in this place as a percentage of kills by you in the entire game.
 C = Kills by friends in this place as a percentage of kills by friends in the entire game.
 D = Other kills in this place as a percentage of other kills in the entire game.
 E = Experience gained in this place as a percentage of experience gained in the entire game.
 F = Experience gained in this place divided by the number of levels of this place that you have seen.
                   A       B       C       D       E      F
               +-------+-------+-------+-------+-------+----------------------
         Total | 100.0 | 100.0 |   N/A |   N/A | 100.0 |  21.0
       Dungeon | 100.0 | 100.0 |   N/A |   N/A | 100.0 |  21.0
               +-------+-------+-------+-------+-------+----------------------
